 Dungeon Crawl Stone Soup version 0.29.1-12-g30fa7ad0bf (webtiles) character file.

Game seed: 9104359302307449164

64 sweetbreads the Sneak (level 3, 0/16 HPs)
             Began as a Spriggan Enchanter on Jan 7, 2023.
             Slain by an orc priest
             ... wielding a +0 club
              (3 damage)
             ... on level 3 of the Dungeon.
             The game lasted 00:07:29 (2573 turns).

sweetbreads the Sneak (Spriggan Enchanter)          Turns: 2573, Time: 00:07:31

Health: 0/16       AC:  2    Str:  4    XL:     3   Next: 91%
Magic:  4/8        EV: 18    Int: 18    God:
Gold:   82         SH:  0    Dex: 15    Spells: 0/8 levels left

rFire   + . .      SeeInvis +   a - +1 dagger
rCold   . . .      Faith    .   (no shield)
rNeg    . . .      Spirit   .   h - +0 robe
rPois   .          Reflect  .   (helmet restricted)
rElec   .          Harm     .   (no cloak)
rCorr   .          Rampage  .   (gloves unavailable)
Will    .....                   (boots unavailable)
Stlth   +++.......              (no amulet)
HPRegen 0.05/turn               f - ring of protection from fire
MPRegen 0.11/turn               (no ring)

@: very quick
A: very small, no large weapons, unfitting armour, see invisible, speed 3
a: no special abilities


You were on level 3 of the Dungeon.
You visited 1 branch of the dungeon, and saw 3 of its levels.

You collected 82 gold pieces.

Inventory:

Hand Weapons
 a - a +1 dagger (weapon)
 b - a +0 vampiric dagger
Armour
 h - a +0 robe (worn)
Jewellery
 f - a ring of protection from fire (left hand)
Scrolls
 e - a scroll of brand weapon {unknown}
 l - a scroll of enchant armour {unknown}
 m - 3 scrolls of immolation {unknown}
 n - 2 scrolls of identify {unknown}
 o - 2 scrolls of teleportation {unknown}
 p - a scroll of summoning {unknown}
 r - a scroll of fear {unknown}
Potions
 c - 2 potions of invisibility
 d - a potion of heal wounds {unknown}
 g - a potion of flight {unknown}
 i - a potion of curing {unknown}
 j - a potion of degeneration {unknown}
 k - 2 potions of brilliance {unknown}
 q - a potion of resistance {unknown}


   Skills:
 - Level 2.0 Short Blades
 * Level 3.7 Dodging
 + Level 5.3 Stealth
 * Level 3.2 Spellcasting
 + Level 4.0 Hexes


You couldn't memorise any spells.
You knew the following spells:

 Your Spells              Type           Power      Damage    Failure   Level
a - Ensorcelled Hibernat  Hex/Ice        20%        N/A       11%         2
b - Confusing Touch       Hex            17%        N/A       10%         3
c - Tukima's Dance        Hex            17%        N/A       10%         3

Your spell library contained the following spells:

 Spells                   Type           Power      Damage    Failure   Level
 Dazzling Flash           Conj/Hex       20%        N/A       22%         3
 Gell's Gravitas          Tloc           2%         N/A       43%         3
 Spider Form              Tmut/Pois      2%         N/A       43%         3
 Teleport Other           Tloc           2%         N/A       43%         3
 Anguish                  Hex/Necr       5%         N/A       56%         4
 Dispersal                Tloc           1%         N/A       100%        6


Dungeon Overview and Level Annotations

Branches:
Dungeon (3/15)

Altars:
Qazlal


Innate Abilities, Weirdness & Mutations

You are very small and have problems with some larger weapons.
You are too small for most types of armour.
You have supernaturally acute eyesight. (SInv)
You cover ground extremely quickly. (Speed+++)


Message History

Aiming: Ensorcelled Hibernation (safe; 11% risk of failure)
Press: ? - help, Shift-Dir - straight line, f - orc
Aim: an orc, wielding a +0 club (chance to affect: 62%)
The orc looks drowsy...
The helpless orc fails to defend itself.
You impale the orc!!
You kill the orc!
The orc shouts!
You start resting.
An orc is nearby!
You hit the orc but do no damage. You hit the orc.
The orc is severely wounded.
The orc hits you with a +0 club.
You hit the orc.
You kill the orc!
Things that are here:
a +0 club; a +0 scale mail; an orc corpse You see here a +0 club.
The orc priest shouts!
The orc priest closely misses you.
Casting: Ensorcelled Hibernation (safe; 11% risk of failure)
Confirm with . or Enter, or press ? or * to list all spells.
Aiming: Ensorcelled Hibernation (safe; 11% risk of failure)
Press: ? - help, Shift-Dir - straight line, f - orc priest
Aim: an orc priest, wielding a +0 club and wearing a +0 leather armour (chance to affect: 44%)
The orc priest resists with some effort.
The orc priest invokes the aid of Beogh against you.
Beogh smites you!
Ouch! That really hurt!
* * * LOW HITPOINT WARNING * * *
Unknown command.
Casting: Ensorcelled Hibernation (safe; 11% risk of failure)
Confirm with . or Enter, or press ? or * to list all spells.
Aiming: Ensorcelled Hibernation (safe; 11% risk of failure)
Press: ? - help, Shift-Dir - straight line, f/p - orc priest
Aim: an orc priest, wielding a +0 club and wearing a +0 leather armour (chance to affect: 44%)
The orc priest resists with some effort.
The orc priest hits you with a +0 club.
You die...

......+
#.......####
#..........#
..........+
.........
#..#.... #
#..#.#o#.#
#..#.#@..#.#
#.........)#
#.)#..........
#..#.#.......#
#..#.#########
####..#..
#.....###
#.....###
#.......#


You could see an orc priest.

Vanquished Creatures
  2 adders (D:2)
  A worm (D:2)
  2 dart slugs (D:2)
  2 orcs (D:3)
  3 bats
  3 endoplasms
  3 goblins (D:2)
  6 hobgoblins
  2 kobolds
  2 quokkas (D:1)
  4 ball pythons
  4 frilled lizards
  2 rats (D:2)
36 creatures vanquished.

Notes
Turn   | Place    | Note
-------+----------+-------------------------------------------
     0 | D:1      | sweetbreads the Spriggan Enchanter began the quest for the
                  | Orb.
     0 | D:1      | Reached XP level 1. HP: 9/9 MP: 5/5
   831 | D:1      | Reached XP level 2. HP: 11/13 MP: 7/7
   834 | D:1      | Learned a level 2 spell: Ensorcelled Hibernation
  1265 | D:2      | Reached XP level 3. HP: 16/16 MP: 5/8
  1273 | D:2      | Learned a level 3 spell: Confusing Touch
  1277 | D:2      | Learned a level 3 spell: Tukima's Dance
  1296 | D:2      | Found a stormy altar of Qazlal.
  2131 | D:2      | Reached skill level 5 in Stealth
  2573 | D:3      | Slain by an orc priest

Illustrated notes

Levels and vault maps discovered:
D:1:      amcnicky_arrival_gap_in_the_tavern_cellar, layout_basic
D:2:      layout_rooms, basic_altar, ebering_dispersal_statue_hall,
          chequers_hall_statues_corner_a, minmay_tall_x
D:3:      layout_basic, kennysheep_okawaru_gauntlet, ebering_ghost_rock_garden,
          minivault_24

Skill      XL: |  1  2  3 |
---------------+----------+-----
Spellcasting   | 3 |  3.2
Dodging        | 3 |  3.7
Hexes          | 4 |  4.0
Short Blades   | 2 |  2.0
Stealth        | 5 |  5.3

Action                   || total
-------------------------++-------
Melee: Dagger            ||   105
       Punch             ||     1
 Cast: Ensorcelled Hiber ||     5
 Stab: Sleeping          ||    15
Armor: Robe              ||    11
Dodge: Dodged            ||    71
